 Dungeon Crawl Stone Soup version 0.19.0-24-gb05acd6 (console) character file.

34 Jesseh the Magician (level 3, -1/24 HPs)
             Began as a Demonspawn Wizard on Nov 21, 2016.
             Slain by a worm (10 damage)
             ... on level 2 of the Dungeon.
             The game lasted 00:08:43 (1235 turns).

Jesseh the Magician (Demonspawn Wizard)             Turns: 1235, Time: 00:08:43

Health: -1/24      AC:  2    Str:  7    XL:     3   Next: 14%
Magic:  2/7        EV: 12    Int: 20    God:
Gold:   16         SH:  0    Dex: 11    Spells: 1 memorised, 7 levels left

rFire  . . .     SeeInvis .     q - +0 whip
rCold  . . .     Gourm    .     a - +0 robe
rNeg   . . .     Faith    .     (no shield)
rPois  .         Spirit   .     b - +0 hat
rElec  .         Reflect  .     (no cloak)
rCorr  .         Harm     .     (no gloves)
MR     .....                    (no boots)
Stlth  ++........               (no amulet)
                                (no ring)
                                (no ring)

@: no status effects
A: horns 1
a: no special abilities


You were on level 2 of the Dungeon.
You were not hungry.

You visited 1 branch of the dungeon, and saw 2 of its levels.

You collected 16 gold pieces.

Inventory:

Hand Weapons
 f - a +0 whip
   (You found it on level 1 of the Dungeon)
 q - a +0 whip (weapon)
   (You found it on level 2 of the Dungeon)
Armour
 a - a +0 robe (worn)
 b - a +0 hat (worn)
 k - a +2 shield
   (You found it on level 1 of the Dungeon)
Scrolls
 e - a scroll of random uselessness {unknown}
 h - 2 scrolls of enchant weapon {unknown}
 i - a scroll of fog {unknown}
 m - a scroll of identify {unknown}
 p - a scroll of remove curse {unknown}
Potions
 g - 2 potions of cancellation {unknown}
 j - a potion of curing {unknown}
 l - a potion of berserk rage {unknown}
 o - a potion of invisibility {unknown}
Books
 c - a book of Minor Magic
Comestibles
 d - 3 bread rations
 n - 5 chunks of flesh


   Skills:
 - Level 1.7 Dodging
 - Level 1.7 Stealth
 + Level 3.2 Spellcasting
 * Level 2.7 Conjurations
   Level 1.0 Summonings
   Level 0.8 Translocations


You had 7 spell levels left.
You knew the following spells:

 Your Spells              Type           Power        Failure   Level  Hunger
a - Magic Dart            Conj           ##..         4%          1    None


Dungeon Overview and Level Annotations

Branches:
Dungeon (2/15)

Altars:
Sif Muna


Innate Abilities, Weirdness & Mutations

You have a pair of small horns on your head.


Message History

The quokka closely misses you.
You barely miss the quokka. The quokka misses you.
The quokka barely misses you.
A hobgoblin comes into view.
You completely miss the quokka. The quokka barely misses you.
You barely miss the quokka.
The hobgoblin shouts!
The quokka bites you.
You hit the quokka. Your headbutt misses the quokka.
The quokka bites you but does no damage. x2
The hobgoblin barely misses you.
You barely miss the quokka. The quokka bites you.
The hobgoblin closely misses you.
The floor.
Unknown command.
You barely miss the quokka. The quokka barely misses you. x2
You hit the quokka but do no damage. The quokka closely misses you.
You hit the quokka.
You kill the quokka!
You have reached level 3!
Your experience leads to an increase in your attributes!
Increase (S)trength, (I)ntelligence, or (D)exterity?
You feel clever.
Aim: a hobgoblin, wielding a club The magic dart hits the hobgoblin.
The hobgoblin hits you but does no damage.
Here: a hobgoblin, wielding a club (moderately wounded)
The floor.
Aim: a hobgoblin, wielding a club (moderately wounded)
The magic dart hits the hobgoblin.
The hobgoblin hits you with a club.
* * * LOW HITPOINT WARNING * * *
You don't have enough magic to cast that spell.
Unknown command.
You barely miss the hobgoblin. The hobgoblin completely misses you.
You hit the hobgoblin.
You kill the hobgoblin!
You closely miss the hobgoblin. You headbutt the hobgoblin.
The hobgoblin barely misses you.
You closely miss the hobgoblin. The hobgoblin barely misses you.
You hit the hobgoblin.
You kill the hobgoblin!
Things that are here:
a club; a hobgoblin corpse You butcher the hobgoblin corpse.
n - 11 chunks of flesh (gained 4)
Things that are here:
a club; a hobgoblin skeleton
Found a stone staircase leading down.
Your magical contamination has completely faded away.
d - 3 bread rations (gained 1)
There is a stone staircase leading down here.
Eating one of 11 chunks of flesh.
You start eating one of the 11 chunks of flesh.
You are feeling hungry.
There is a stone staircase leading down here.
A dart slug comes into view.
Aim: a dart slug (clinging, resting)
The magic dart hits the dart slug.
Aim: a dart slug (moderately wounded, clinging)
The magic dart hits the dart slug.
The dart slug launches a dart at you. The slug dart misses you.
Aim: a dart slug (heavily wounded, clinging)
The magic dart hits the dart slug.
Aim: a dart slug (almost dead, clinging)
The magic dart hits the dart slug.
You kill the dart slug!
You see here a dart slug corpse.
You start resting.
Some of the chunks of flesh in your inventory have rotted away.
You butcher the dart slug corpse.
n - 5 chunks of flesh (gained 1) 3 worms come into view.
Found a stone staircase leading down.
Aim: a worm The magic dart hits the worm.
Here: a worm (moderately wounded)
The floor.
Aim: a worm (moderately wounded)
The magic dart hits the worm.
Here: a worm (moderately wounded)
The floor.
Aim: a worm (moderately wounded)
The magic dart hits the worm.
Here: a worm The floor.
Aim: a worm (heavily wounded)
The magic dart hits the worm.
Aim: a worm (moderately wounded)
The magic dart hits the worm.
Aim: a worm (moderately wounded)
The magic dart hits the worm.
You hit the worm. You headbutt the worm. You hit the worm. The worm bites you!
The worm misses you.
Here: a worm (severely wounded)
The floor.
You hit the worm. The worm bites you!
* * * LOW HITPOINT WARNING * * *
You hit the worm. The worm bites you!
You die...

▒▒.▒▒▒.▒.▒▒▒▒▒▒▒▒▒..▒
▒▒..................▒
▒▒..▒▒.▒.▒▒▒▒▒▒▒▒▒▒.▒
....▒....▒▒▒▒▒ ▒)▒
▒▒..>........▒▒▒▒▒▒.▒
▒▒▒▒....▒▒.........▒
▒▒.▒..................
▒.▒▒▒▒▒▒▒▒▒▒▒▒.▒▒▒▒▒▒
▒..........6w▒.▒
▒▒▒▒▒▒▒▒▒▒▒▒w▒.▒
▒....▒ ...▒.....
......▒▒▒▒ ▒......
▒.....▒▒ ▒...>.▒
▒▒▒▒▒▒▒


You could see 2 worms.

Vanquished Creatures
  An adder (D:2)
  2 dart slugs
  A giant cockroach (D:1)
  A goblin (D:1)
  4 hobgoblins
  3 jackals (D:2)
  A quokka (D:2)
  A bat (D:1)
  2 frilled lizards
  A kobold (D:1)
  4 rats
21 creatures vanquished.

Notes
Turn   | Place    | Note
-------+----------+-------------------------------------------
     0 | D:1      | Jesseh the Demonspawn Wizard began the quest for the Orb.
     0 | D:1      | Reached XP level 1. HP: 13/13 MP: 4/4
   380 | D:1      | Gained mutation: You have a pair of small horns on your head. [demonic ancestry]
   380 | D:1      | Reached XP level 2. HP: 14/19 MP: 3/6
   710 | D:1      | Reached skill level 2 in Conjurations
   967 | D:2      | Found a deep blue altar of Sif Muna.
  1040 | D:2      | Reached XP level 3. HP: 14/24 MP: 2/7
  1235 | D:2      | Slain by a worm

Skill      XL: |  1  2 |
---------------+-------+-----
Conjurations   | 2 |  2.7
Dodging        | |  1.7
Stealth        | |  1.7
Spellcasting   | |  3.2
Summonings     | |  1.0
Translocations | |  0.8

Action                   || total
-------------------------++-------
Melee: Whip              ||    56
       Headbutt          ||     5
 Cast: Magic Dart        ||    42
  Eat: Chunk             ||     1
Armor: Robe              ||    11
Dodge: Dodged            ||    35

Vault maps used:
D:1:      minmay_arrival_five_plusses
D:2:      marbit_many_paths, nicolae_dithmenos_shadow_blocks, first_bread,
          minmay_tiny_reverse_x, uniq_robin

Table legend:
 A = Turns spent in this place as a percentage of turns spent in the entire game.
 B = Non-inter-level travel turns spent in this place as a percentage of non-inter-level travel turns spent in the entire game.
 C = Inter-level travel turns spent in this place as a percentage of turns spent in this place.
 D = Turns resting spent in this place as a percentage of non-inter-level travel turns spent in this place.
 E = Turns spent auto-exploring this place as a percentage of non-inter-level travel turns spent in this place.
 F = Non-inter-level travel turns spent in this place divided by the number of levels of this place that you've seen.
                   A       B       C       D       E      F
               +-------+-------+-------+-------+-------+----------------------
         Total | 100.0 | 100.0 |   0.0 |   2.4 |   7.1 | 168.0
       Dungeon | 100.0 | 100.0 |   0.0 |   2.4 |   7.1 | 168.0
               +-------+-------+-------+-------+-------+----------------------

Table legend:
 A = Kills in this place as a percentage of kills in entire the game.
 B = Kills by you in this place as a percentage of kills by you in the entire game.
 C = Kills by friends in this place as a percentage of kills by friends in the entire game.
 D = Other kills in this place as a percentage of other kills in the entire game.
 E = Experience gained in this place as a percentage of experience gained in the entire game.
 F = Experience gained in this place divided by the number of levels of this place that you have seen.
                   A       B       C       D       E      F
               +-------+-------+-------+-------+-------+----------------------
         Total | 100.0 | 100.0 |  -nan |  -nan | 100.0 |  24.5
       Dungeon | 100.0 | 100.0 |  -nan |  -nan | 100.0 |  24.5
               +-------+-------+-------+-------+-------+----------------------
